 Dungeon Crawl Stone Soup version 0.31-a0-564-g3b7de120b3 (webtiles) character file.

Game seed: 16992176804612749522

33 Rohain the Chopper (level 3, 0/28 (30) HPs)
             Began as a Hill Orc Reaver on Aug 18, 2023.
             Slain by an orc wizard
             ... wielding a +0 war axe
              (2 damage)
             ... on level 2 of the Dungeon.
             The game lasted 00:02:13 (870 turns).

Rohain the Chopper (Hill Orc Reaver)                 Turns: 870, Time: 00:02:14

HP:   0/28 (30)     AC:  3    Str: 14    XL:     3   Next: 29%
MP:   5/5           EV: 11    Int: 15    God:
Gold: 91            SH:  0    Dex:  9    Spells: 4/5 levels left

rFire   + . .        c - +2 hand axe (freeze)
rCold   + . .        (no shield)
rNeg    . . .        b - +0 leather armour
rPois   +            (no helmet)
rElec   +            (no cloak)
rCorr   +            (no gloves)
SInv    .            (no boots)
Will    .....        (no amulet)
Stlth   +            (no ring)
HPRegen 0.24/turn    (no ring)
MPRegen 0.09/turn

%: no passive effects
@: resistant, drained
A: no striking features
a: no special abilities


You were on level 2 of the Dungeon.
You visited 1 branch of the dungeon, and saw 2 of its levels.

You collected 91 gold pieces.

Inventory:

Hand Weapons
 a - a +0 hand axe
 c - a +2 hand axe of freezing (weapon)
Armour
 b - a +0 leather armour (worn)
Scrolls
 d - a scroll of amnesia {unknown}


   Skills:
 + Level 2.9 Fighting
 + Level 4.4 Axes
 + Level 1.9 Dodging
 + Level 1.9 Spellcasting
 + Level 3.2 Conjurations


You had 4 spell levels left.
You knew the following spells:

 Your Spells              Type           Power      Damage    Failure   Level
a - Kiss of Death         Conj/Necr      24%        2d7       14%         1

Your spell library contained the following spells:

 Spells                   Type           Power      Damage    Failure   Level
 Momentum Strike          Conj/Tloc      12%        3d8       22%         2
 Hailstorm                Conj/Ice       6%         3d4       41%         3


Dungeon Overview and Level Annotations

Branches:
Dungeon (2/15)

Altars:


Message History

You're too confused to attack without stumbling around!
You're too confused to attack without stumbling around!
You're too confused to attack without stumbling around!
You're too confused to attack without stumbling around!
You hit the orc wizard. You freeze the orc wizard.
The orc wizard is moderately wounded.
You miss the bat. The bat barely misses you. The orc wizard closely misses you.
The bat hits you but does no damage.
The orc wizard gestures at you while chanting.
The puff of flame misses you.
You're too confused to attack without stumbling around!
You barely miss the orc wizard.
The orc wizard is moderately wounded.
The bat hits you but does no damage. The bat closely misses you.
The orc wizard misses you.
The orc wizard attacks as you move away!
The orc wizard hits you with a +0 war axe.
The bat closely misses you.
You're too confused to move!
The bat barely misses you.
The orc wizard hits you with a +0 war axe.
The frilled lizard attacks as you move away!
The frilled lizard barely misses you. The bat hits you but does no damage.
The orc wizard casts a spell.
The orc wizard flickers and vanishes!
Deactivating autopickup; reactivate with Ctrl-A.
The bat hits you but does no damage. The bat barely misses you.
The frilled lizard barely misses you.
You barely miss the bat. You barely miss the frilled lizard.
The bat barely misses you. The frilled lizard closely misses you.
Unknown command.
Something hits you!
* * * LOW HITPOINT WARNING * * *
You feel less confused. The bat hits you but does no damage.
The frilled lizard bites you.
* * * LOW HITPOINT WARNING * * *
Unknown command.
It was a potion of resistance.
You feel protected. The bat hits you but does no damage. Something hits you.
You die...

.. ).. .....
.....#######
...........#
...........#
........l.#
####.....@.#
.$.........#
####.....b# #####
###<#.......
(.....##).#...!###
#.†)<##.....#
#....##.......
#..#.####......
........ ......


You could see a bat and a frilled lizard.

Vanquished Creatures
  3 dart slugs (D:1)
  3 orcs
  2 ball pythons (D:1)
  2 bats (D:1)
  2 endoplasms (D:1)
  A giant cockroach (D:2)
  A goblin (D:1)
  2 hobgoblins (D:1)
  A quokka (D:1)
  3 frilled lizards (D:1)
  4 rats (D:1)
24 creatures vanquished.

Notes
Turn   | Place    | Note
-------+----------+-------------------------------------------
     0 | D:1      | Rohain the Hill Orc Reaver began the quest for the Orb.
     0 | D:1      | Reached XP level 1. HP: 18/18 MP: 3/3
    68 | D:1      | Reached XP level 2. HP: 13/24 MP: 4/4
   375 | D:1      | Reached XP level 3. HP: 21/26 MP: 5/5
   488 | D:1      | Found a faded altar of an unknown god.
   870 | D:2      | Slain by an orc wizard

Illustrated notes

Levels and vault maps discovered:
D:1:      tarquinn_simple_flora_water_b, layout_basic,
          hellmonk_ecumenical_altar_heavens_door
D:2:      layout_rooms, serial_shops, nicolae_diamond_shop,
          minmay_misc_feat_rugged, minmay_between

Action                     || total
---------------------------++-------
  Melee: Hand axe          ||    85
   Cast: Kiss of Death     ||     2
    Use: Scroll            ||     2
         Potion            ||     1
 Armour: Leather armour    ||    36
  Dodge: Dodged            ||    76

Table legend: (Time is in decaauts)
 A = Elapsed time spent in this place.
 B = Non-inter-level travel time spent in this place.
 C = Inter-level travel time spent in this place.
 D = Time resting spent in this place.
 E = Time spent auto-exploring this place.
 F = Levels seen in this place.
 G = Mean time per level.
                   A        B        C        D        E       F      G
               +--------+--------+--------+--------+--------+-----+--------+
         Total |    878 |    841 |     37 |    116 |    452 |   2 |  439.0 |
       Dungeon |    878 |    841 |     37 |    116 |    452 |   2 |  439.0 |
               +--------+--------+--------+--------+--------+-----+--------+

Top non-repeatable levels by time:
     D:1: 839 daAuts
     D:2: 38 daAuts
